 Dungeon Crawl Stone Soup version 0.28.0 (webtiles) character file.

Game seed: 11961578184563485251

870 Ajdolov the Digger (level 8, -15/46 HPs)
             Began as an Octopode Earth Elementalist on Feb 9, 2022.
             Killed from afar by Pikel (19 damage)
             ... with an iceblast
             ... on level 5 of the Dungeon.
             The game lasted 00:08:54 (5442 turns).

Ajdolov the Digger (Octopode Earth Elementalist)    Turns: 5442, Time: 00:08:55

Health: -15/46     AC:  1    Str:  8    XL:     8   Next: 3%
Magic:  6/12       EV: 13    Int: 19    God:
Gold:   192        SH:  0    Dex: 12    Spells: 9/13 levels left

rFire   . . .      SeeInvis .   j - +1 short sword (speed)
rCold   . . .      Faith    .   (no shield)
rNeg    . . .      Spirit   .   (helmet restricted)
rPois   .          Reflect  .   (no amulet)
rElec   .          Harm     .   (no ring)
rCorr   .          Rampage  .   (no ring)
Will    .....                   (no ring)
Stlth   +++.......              (no ring)
HPRegen 0.15/turn               (no ring)
MPRegen 0.13/turn               (no ring)
                                (no ring)
                                (no ring)

@: no status effects
A: almost no armour, amphibious, 8 rings, camouflage 1, gelatinous body 1,
(nimble swimmer 1), tentacles
a: no special abilities


You were on level 5 of the Dungeon.
You visited 1 branch of the dungeon, and saw 5 of its levels.

You collected 192 gold pieces.

Inventory:

Hand Weapons
 j - a +1 short sword of speed (weapon)
Missiles
 b - 97 stones
Wands
 c - a wand of paralysis (9)
Scrolls
 a - 7 scrolls of identify {unknown}
 e - 2 scrolls of teleportation {unknown}
 g - a scroll of noise {unknown}
 i - a scroll of blinking {unknown}
Potions
 d - 2 potions of might {unknown}
 f - a potion of lignification {unknown}
 h - a potion of curing {unknown}


   Skills:
 - Level 2.0 Dodging
 - Level 2.6 Stealth
 * Level 3.3 Spellcasting
 - Level 5.2 Conjurations
 - Level 1.0 Transmutations
 - Level 6.9 Earth Magic


You had 9 spell levels left.
You knew the following spells:

 Your Spells              Type           Power      Damage    Failure   Level
a - Sandblast             Erth           58%        2d13      1%          1
b - Stone Arrow           Conj/Erth      52%        3d10      3%          3

Your spell library contained the following spells:

 Spells                   Type           Power      Damage    Failure   Level
 Passwall                 Tmut/Erth      15%        N/A       4%          2
 Petrify                  Tmut/Erth      18%        N/A       28%         4


Dungeon Overview and Level Annotations

Branches:
Dungeon (5/15)
 Temple: D:4-7

Altars:

Annotations:
D:2 1 runed translucent door, Crazy Yiuf
D:3 Grinder
D:5 exclusions: 2 gnolls and lemure, Pikel


Innate Abilities, Weirdness & Mutations

You cannot wear most types of armour.
You are amphibious.
You can wear up to eight rings at the same time.
Your skin changes colour to match your surroundings (Stealth+).
Your rubbery body absorbs attacks. (AC +1, EV +1)
((You are camouflaged when in or above water. (Stealth+)))
You have tentacles for arms and can constrict up to eight enemies at once.


Message History

Aim: a lemure (almost dead, 76% to hit)
The blast of sand hits the lemure.
You kill the lemure!
That felt strangely unrewarding.
You start resting.
Magic restored.
Casting: Sandblast (safe; 1% risk of failure)
Confirm with . or Enter, or press ? or * to list all spells.
You can't see any susceptible monsters within range! (Use Z to cast anyway.) Unknown command.
Casting: Sandblast (safe; 1% risk of failure)
Confirm with . or Enter, or press ? or * to list all spells.
You don't know that spell.
Unknown command.
Casting: Sandblast (safe; 1% risk of failure)
Confirm with . or Enter, or press ? or * to list all spells.
Okay, then.
Pikel shouts!
Casting: Sandblast (safe; 1% risk of failure)
Confirm with . or Enter, or press ? or * to list all spells.
Aiming: Stone Arrow (dangerous; 3% risk of failure)
Press: ? - help, Shift-Dir - straight line, f - Pikel
Aim: Pikel, wielding a +2 whip of electrocution, wearing a +0 robe and carrying a wand of iceblast (5) (64% to hit)
The stone arrow hits Pikel!
Pikel is moderately wounded.
Pikel zaps a wand.
The mass of ice explodes!
The iceblast engulfs you!!
You hear a shout! x2
Casting: Stone Arrow (dangerous; 3% risk of failure)
Confirm with . or Enter, or press ? or * to list all spells.
Aiming: Stone Arrow (dangerous; 3% risk of failure)
Press: ? - help, Shift-Dir - straight line, f/p - Pikel
Aim: Pikel, wielding a +2 whip of electrocution, wearing a +0 robe and carrying a wand of iceblast (4) (moderately wounded, 64% to hit)
The stone arrow misses Pikel.
A lemure comes into view.
Pikel zaps a wand.
The mass of ice explodes!
The iceblast engulfs you!
Pikel zaps a wand.
The mass of ice explodes!
The iceblast engulfs you!
* * * LOW HITPOINT WARNING * * *
Okay, then.
Pikel zaps a wand.
The mass of ice explodes!
The iceblast engulfs you!!
You die...

#### ........#.>....###.#.
#... #.# #................
#.... #.# #...##....###..#.
.....##.###...##....# #..#.
....................# .....
......#.###...##....#.#....
..............##....#.#....
.......K......##....#.#....
####.5..5.@................
##.......#.##...........
#.#.##..#.##.<..#......
#.#.##.##.......#......
.......................
.....####.###...........
###.### #.# #..#.#.#.#.# #.
#.# #........... #.
#..#.###.#.#


You could see Pikel and 2 lemures.

Vanquished Creatures
  Menkaure (D:5)
  A black bear (D:4)
  2 ogres (D:5)
  2 lemures
  2 scorpions
  A hound (D:4)
  A jelly (D:5)
  An orc priest (D:3)
  An iguana (D:4)
  3 orc wizards
  9 adders
  An ufetubus (D:4)
  An adder skeleton (D:4)
  A worm (D:2)
  3 dart slugs
  9 orcs
  7 ball pythons
  6 endoplasms
  14 goblins
  6 hobgoblins
  3 jackals (D:5)
  A quokka (D:4)
  4 bats
  2 frilled lizards
  9 kobolds
  4 rats
95 creatures vanquished.

Notes
Turn   | Place    | Note
-------+----------+-------------------------------------------
     0 | D:1      | Ajdolov the Octopode Earth Elementalist began the quest for
                  | the Orb.
     0 | D:1      | Reached XP level 1. HP: 11/11 MP: 3/3
    65 | D:1      | Reached XP level 2. HP: 12/17 MP: 1/5
   606 | D:1      | Reached skill level 4 in Earth Magic
   918 | D:1      | Reached XP level 3. HP: 19/21 MP: 6/6
   948 | D:1      | Learned a level 3 spell: Stone Arrow
  1236 | D:2      | Reached skill level 1 in Conjurations
  1280 | D:2      | Found a faded altar of an unknown god.
  1310 | D:2      | Reached XP level 4. HP: 20/27 MP: 5/7
  2128 | D:2      | Reached XP level 5. HP: 31/31 MP: 8/8
  2166 | D:2      | Found a runed translucent door.
  2167 | D:2      | Noticed Crazy Yiuf
  2517 | D:3      | Reached skill level 5 in Earth Magic
  3190 | D:3      | Noticed Grinder
  3527 | D:4      | Reached XP level 6. HP: 10/36 MP: 0/9
  3915 | D:4      | Noticed a black bear
  4206 | D:4      | Reached skill level 6 in Earth Magic
  4597 | D:4      | Identified the +1 chain mail of Muttered Phrases {*Corrode
                  | rC+ Regen+}
  4687 | D:5      | Entered Level 5 of the Dungeon
  4714 | D:5      | Noticed Menkaure
  4715 | D:5      | Noticed Pikel
  4942 | D:4      | Killed a black bear
  4943 | D:4      | Reached XP level 7. HP: 41/41 MP: 3/10
  5134 | D:5      | Killed Menkaure
  5135 | D:5      | Reached skill level 5 in Conjurations
  5328 | D:5      | Reached XP level 8. HP: 46/46 MP: 5/12
  5442 | D:5      | Killed from afar by Pikel

Illustrated notes

Levels and vault maps discovered:
D:1:      ncdulo_lavacross, layout_basic
D:2:      minmay_alternating_diamond, layout_loops_corners,
          nicolae_ecumenical_lake_church, minmay_misc_feat_pillars,
          uniq_crazy_yiuf_cottage
D:3:      layout_loops_ring, uniq_grinder
D:4:      layout_basic
D:5:      layout_basic, uniq_pikel, uniq_menkaure

Skill      XL: |  1  2  3  4  5  6  7 |
---------------+----------------------+-----
Earth Magic    | 4 5 6 |  6.9
Conjurations   | 1 2 3 4 5 |  5.2
Spellcasting   | 3 |  3.3
Dodging        | |  2.0
Stealth        | |  2.6
Transmutations | |  1.0

Action                   |  1- 3 |  4- 6 |  7- 9 || total
-------------------------+-------+-------+-------++-------
Melee: Dagger            |    36 |    62 |       ||    98
       Tentacles         |     7 |    16 |       ||    23
       Constrict         |     7 |    20 |       ||    27
       Punch             |     1 |     2 |       ||     3
       Short sword       |       |     6 |       ||     6
 Cast: Sandblast         |    20 |    52 |     8 ||    80
       Stone Arrow       |       |     3 |    12 ||    15
 Stab: Sleeping          |     9 |    10 |       ||    19
Armor: Skin              |     3 |     5 |       ||     8
Dodge: Dodged            |    19 |    57 |       ||    76
